 Dungeon Sprint DCSS version 0.23-b1-84-g6588a6b (webtiles) character file.

Game seed: 2659560271254258587

777 Yuikono the Protected (level 7, -9/72 (73) HPs)
             Began as a Minotaur Fighter on Feb 7, 2019.
             Was a Follower of Okawaru.
             Killed from afar by a deep elf mage (19 damage)
             ... with a bolt of lightning
             ... in the Dungeon (Sprint III: "The Ten Rune Challenge").
             The game lasted 00:02:39 (1043 turns).

Yuikono the Protected (Minotaur Fighter)            Turns: 1043, Time: 00:02:40

HP:   -9/72 (73)    AC:  8    Str: 22    XL:     7   Next: 54%
MP:   6/6           EV:  9    Int:  5    God:    Okawaru [*.....]
Gold: 18            SH: 12    Dex: 10    Spells: 6/6 levels left

rFire    . . .     SeeInvis .   a - +0 long sword
rCold    . . .     Gourm    .   c - +0 shield
rNeg     . . .     Faith    .   b - +0 scale mail
rPois    .         Spirit   .   (helmet restricted)
rElec    .         Reflect  .   (no cloak)
rCorr    .         Harm     .   (no gloves)
MR       .....     NoTele   +   (no boots)
Stlth    ..........             (no amulet)
HPRegen  0.22/turn              (no ring)
MPRegen  0.10/turn              (no ring)

@: no status effects
A: retaliatory headbutt, horns 2
a: Heroism, Renounce Religion


You were in the Dungeon.
You worshipped Okawaru.
Okawaru was aware of your devotion.
You were hungry.

You visited 1 branch You collected 18 gold pieces.

Inventory:

Hand Weapons
 a - a +0 long sword (weapon)
Armour
 b - a +0 scale mail (worn)
 c - a +0 shield (worn)
Scrolls
 k - a scroll of blinking
 l - a scroll of enchant weapon {unknown}
 n - a scroll of torment {unknown}
 o - 4 scrolls of remove curse
 p - a scroll of immolation {unknown}
 q - a scroll of enchant armour {unknown}
Potions
 d - a potion of might
 e - 2 potions of curing
 g - a potion of heal wounds
 h - a potion of haste
 i - 2 potions of magic
 m - 3 potions of mutation {unknown}
 r - a potion of brilliance {unknown}
 s - a potion of flight {unknown}
Comestibles
 f - 4 rations


   Skills:
 + Level 10.5 Fighting
 + Level 10.2 Long Blades
 + Level 10.6 Armour
 + Level 10.6 Shields


You had 6 spell levels left.
You didn't know any spells.
Your spell library contained the following spells:

 Spells                   Type           Power        Failure   Level  Hunger
 Confusing Touch          Hex            #.....       90%         1    ##.....
 Magic Dart               Conj           #...         90%         1    ##.....
 Blink                    Tloc           N/A          97%         2    ###....
 Call Imp                 Summ           #.......     97%         2    ###....
 Slow                     Hex            #.......     97%         2    ###....
 Confuse                  Hex            #.......     99%         3    ####...
 Conjure Flame            Conj/Fire      #.......     99%         3    ####...
 Gell's Gravitas          Tloc           #.........   99%         3    ####...
 Mephitic Cloud           Conj/Pois/Air  #.......     99%         3    ####...
 Petrify                  Tmut/Erth      #.......     100%        4    #####..
 Metabolic Englaciation   Hex/Ice        #.........   100%        5    ######.
 Yara's Violent Unravell  Hex/Tmut       #.........   100%        5    ######.


Dungeon Overview and Level Annotations

Branches:
Dungeon (1/1)

Altars:
Dithmenos
Elyvilon
Kikubaaqudgha
Okawaru
Ru
Sif Muna
Trog
Uskayaw
Vehumet
Wu Jian
Yredelemnul
Zin
The Shining One
Beogh


Innate Abilities, Weirdness & Mutations

You reflexively headbutt those who attack you in melee.
You have a pair of horns on your head.


Message History

The deep elf mage is heavily wounded.
The deep elf mage gestures wildly while chanting.
The deep elf mage blinks!
You close the door.
You start resting.
A deep elf mage opens the door.
It is wielding a +2 long sword of holy wrath.
You block the deep elf mage's attack.
There is an open door here.
Unknown command.
You slash the deep elf mage! Your headbutt misses the deep elf mage.
The deep elf mage is severely wounded.
The deep elf mage gestures at you while chanting.
The bolt of lightning hits you!! The bolt of lightning hits you!
* * * LOW HITPOINT WARNING * * *
Unknown command.
You hit the deep elf mage.
The deep elf mage is almost dead.
The deep elf mage gestures at you while chanting.
The bolt of lightning hits you!!
You die...

▓▓▓▓▓▓▓ ▓▓▓ .'....♣♣♣
♣.############ .#....♣.♣
♣♣.#___#___#__# ##.....♣♣
♣..#...#__.#._#
.#....≈♣♣♣♣♣.###@#'###)##
.#...≈≈♣..♣..#..e÷......#
.#..≈≈≈≈..♣..'.⌠.)......#
'#..≈≈≈≈≈≈♣♣.#...######'#
)#.≈≈≈≈≈≈....#.⌠.# #...#
.#.≈≈≈≈≈.....#...# #...#
.#.≈≈≈.......#)### #...#
##...........#...# #...+
.............#___# +...#


You could see a deep elf mage.

Vanquished Creatures
  A shadow (D)
  A necrophage (D)
  A water elemental (D)
  A scorpion (D)
  A jelly (D)
  Jessica (D)
  A wizard (D)
  A necromancer (D)
  A kobold demonologist (D)
  3 humans (D)
  2 oozes (D)
  A rat (D)
15 creatures vanquished.

Vanquished Creatures (others)
  2 draconian scorchers (D)
  6 hellions (D)
  A yaktaur (D)
  3 plants (D)
12 creatures vanquished.

Grand Total: 27 creatures vanquished

Notes
Turn   | Place    | Note
-------+----------+-------------------------------------------
     0 | D        | Yuikono the Minotaur Fighter began the quest for the Orb.
     0 | D        | Reached XP level 1. HP: 19/19 MP: 0/0
     7 | D        | Reached XP level 2. HP: 16/28 MP: 1/1
    33 | D        | Killed a yaktaur
    94 | D        | Killed a hellion
    99 | D        | Noticed Jessica
   102 | D        | Killed Jessica
   102 | D        | Reached skill level 5 in Fighting
   102 | D        | Reached skill level 5 in Armour
   102 | D        | Reached skill level 5 in Shields
   102 | D        | Reached XP level 3. HP: 30/36 MP: 2/2
   103 | D        | Killed a hellion
   104 | D        | Killed a hellion
   111 | D        | Killed a hellion
   112 | D        | Killed a hellion
   137 | D        | Killed a hellion
   198 | D        | Killed a white draconian scorcher
   258 | D        | Killed a white draconian scorcher
   266 | D        | Noticed a scorpion
   284 | D        | Killed a scorpion
   284 | D        | Reached skill level 5 in Long Blades
   284 | D        | Reached XP level 4. HP: 14/45 MP: 3/3
   582 | D        | Noticed a water elemental
   592 | D        | Killed a water elemental
   592 | D        | Reached XP level 5. HP: 30/52 MP: 4/4
   727 | D        | Found a glowing silver altar of Zin.
   727 | D        | Found a glowing golden altar of the Shining One.
   727 | D        | Found a white marble altar of Elyvilon.
   798 | D        | Found a hide-covered altar of Uskayaw.
   798 | D        | Found a roughly hewn altar of Beogh.
   798 | D        | Found an iron altar of Okawaru.
   798 | D        | Found a bloodstained altar of Trog.
   798 | D        | Found an ornate altar of the Wu Jian Council.
   798 | D        | Noticed a human
   799 | D        | Noticed a human
   808 | D        | Killed a human
   808 | D        | Reached XP level 6. HP: 62/62 MP: 5/5
   813 | D        | Killed a human
   852 | D        | Became a worshipper of Warmaster Okawaru
   858 | D        | Found a basalt altar of Yredelemnul.
   858 | D        | Found a shadowy altar of Dithmenos.
   858 | D        | Found a sacrificial altar of Ru.
   864 | D        | Reached XP level 7. HP: 69/70 MP: 6/6
   880 | D        | Noticed a shadow
   885 | D        | Killed a shadow
   885 | D        | Reached skill level 10 in Fighting
   885 | D        | Reached skill level 10 in Long Blades
   885 | D        | Reached skill level 10 in Armour
   885 | D        | Reached skill level 10 in Shields
  1000 | D        | Found a radiant altar of Vehumet.
  1000 | D        | Found a deep blue altar of Sif Muna.
  1000 | D        | Found an ancient bone altar of Kikubaaqudgha.
  1007 | D        | Reached * piety under Okawaru
  1028 | D        | Noticed a deep elf mage
  1043 | D        | Killed from afar by a deep elf mage

Skill      XL: |  1  2  3  4  5  6  7 |
---------------+----------------------+-----
Fighting       | 4 5 6 7 8 9 10 | 10.5
Long Blades    | 3 4 5 6 8 9 10 | 10.2
Armour         | 4 5 6 7 8 9 10 | 10.6
Shields        | 4 5 6 7 8 9 10 | 10.6

Action                   |  1- 3 |  4- 6 |  7- 9 || total
-------------------------+-------+-------+-------++-------
Melee: Long sword        |    36 |    21 |    22 ||    79
       Headbutt          |     4 |     2 |     5 ||    11
  Use: Potion            |       |     1 |       ||     1
Armor: Scale mail        |     4 |     1 |     7 ||    12
Dodge: Dodged            |    13 |     6 |     1 ||    20
Block: Shield            |    19 |    12 |     7 ||    38
       Rpst.: Long sword |     2 |     2 |     1 ||     5
